 Dungeon Crawl Stone Soup version 0.22-a0-845-g8bfc27d406 (webtiles) character file.

52464 Htamos the Spear-Bearer (level 14, -8/127 HPs)
             Began as a Ghoul Gladiator on July 26, 2018.
             Was a Priest of Nemelex Xobeh.
             Mangled by Kirke (10 damage)
             ... while paralysed by a sphinx
             ... on level 13 of the Dungeon.
             The game lasted 01:02:48 (21128 turns).

Htamos the Spear-Bearer (Ghoul Gladiator)          Turns: 21128, Time: 01:02:49

Health: -8/127     AC: 16    Str: 22    XL:     14   Next: 64%
Magic:  13/13      EV:  2    Int:  3    God:    Nemelex Xobeh [***...]
Gold:   349        SH:  0    Dex: 17    Spells: 13/13 levels left

rFire    + . .     SeeInvis .   V - +5 scythe "Finisher" {speed, Str+3}
rCold    + . .     Gourm    .   (shield currently unavailable)
rNeg     + + +     Faith    .   q - +5 ring mail of the Heavens {Slay+5}
rPois    ∞         Spirit   .   c - +0 helmet
rElec    .         Reflect  +   L - +0 cloak (curse)
rCorr    .         Harm     .   i - +0 pair of gloves
MR       +....                  (no boots)
Stlth    +.........             p - +3 amulet of reflection
HPRegen  0.00/turn              k - +3 ring of dexterity
MPRegen  0.13/turn              Y - ring of protection from fire

@: paralysed, rotting, slowed
A: rotting body, claws 1, carnivore, cold resistance 1, negative energy
resistance 3, inhibited regeneration, torment resistance, unbreathing
a: Triple Draw, Renounce Religion


You were on level 13 of the Dungeon.
You worshipped Nemelex Xobeh.
Nemelex Xobeh was most pleased with you.
You were not hungry.

You visited 3 branches of the dungeon, and saw 16 of its levels.
You also visited: Ossuary and Ice Cave.

You collected 2129 gold pieces.
You spent 1780 gold pieces at shops.

Inventory:

Hand Weapons
 b - a +0 glaive
 g - a +1 halberd
 m - a +1 dagger of chaos
 s - a +1 halberd of freezing
 T - a +3 trident of flaming
 V - the +5 scythe "Finisher" (weapon) {speed, Str+3}
   (You found it on level 11 of the Dungeon)

   Attacks with this weapon are significantly faster.
   It affects your strength (+3).
Missiles
 d - 6 throwing nets (quivered)
Armour
 c - a +0 helmet (worn)
 i - a +0 pair of gloves (worn)
 o - a +1 plate armour
 q - the +5 ring mail of the Heavens (worn) {Slay+5}
   (You found it on level 13 of the Dungeon)

   It affects your accuracy and damage with ranged weapons and melee attacks
   (+5).
 v - a +0 large shield
 F - a +0 troll leather armour
 I - the +1 hat "Alov Zin" {+Blink rN+}
   (You found it in an ice cave)

   It protects you from negative energy.
   It lets you blink.
 L - a cursed +0 cloak (worn)
Jewellery
 k - a +3 ring of dexterity (left hand)
 p - a +3 amulet of reflection (around neck)
 B - an uncursed ring of poison resistance
 O - an uncursed ring of poison resistance
 P - the amulet "Wovycili" {Acrobat Dex+3, unknown}
   (You found it on level 7 of the Dungeon)

   [amulet of the acrobat]

   It helps you evade while moving and waiting.
   It affects your dexterity (+3).
 Y - a ring of protection from fire (right hand)
Wands
 a - a wand of polymorph (11)
 t - a wand of digging (8)
 x - a wand of enslavement (16)
 G - a wand of random effects (13)
 M - a wand of flame (92)
 N - a wand of paralysis (25)
Scrolls
 h - 11 scrolls of remove curse
 l - 3 scrolls of fog
 r - 3 scrolls of enchant weapon
 u - 10 scrolls of teleportation
 y - 7 scrolls of identify
 D - 3 scrolls of blinking
 E - 2 scrolls of amnesia
 Q - 3 scrolls of magic mapping
 S - a scroll of noise
 W - 4 scrolls of enchant armour
 Z - 2 scrolls of brand weapon
Potions
 e - a potion of berserk rage
 j - 5 potions of mutation
 n - 7 potions of brilliance
 z - a potion of degeneration
 A - 2 potions of lignification
 H - 2 potions of magic
 J - 6 potions of flight
 R - 2 potions of curing
Miscellaneous
 C - a plain deck of destruction {drawn: 5}
 K - a plain deck of destruction {drawn: 1}
 X - a lamp of fire
Comestibles
 f - 36 rations
 w - 7 chunks of flesh


   Skills:
 + Level 12.8 Fighting
 + Level 13.6(13.8) Polearms
   Level 3.0(9.6) Staves
 - Level 2.2 Throwing
 + Level 10.7 Armour
 + Level 11.2 Dodging


You had 13 spell levels left.
You didn't know any spells.
Your spell library was empty.

Dungeon Overview and Level Annotations

Branches:
Dungeon (13/15)            Temple (1/1) D:4            Lair (0/6) D:11
    Orc (2/2) D:12            Elf (0/3) Orc:2        Vaults (0/5) D:13

Altars:
Ashenzari
Cheibriados
Dithmenos
Elyvilon
Fedhas
Gozag
Hepliaklqana
Kikubaaqudgha
Makhleb
Nemelex Xobeh
Qazlal
Ru
Sif Muna
Trog
Uskayaw
Vehumet
Wu Jian
Xom
Yredelemnul
Zin
The Shining One
Beogh

Shops:
D:4 :   D:12 ?   Orc:2 ???(

Annotations:
D:6 exclusion: oklob plant
D:13 Kirke


Innate Abilities, Weirdness & Mutations

Your body is rotting away.
You thrive on raw meat.
You are immune to poison.
You have sharp fingernails.
You are carnivorous and can eat meat at any time.
Your flesh is cold resistant. (rC+)
You are immune to negative energy. (rN+++)
You do not regenerate when monsters are visible.
You are immune to unholy pain and torment.
You can survive without breathing.


Message History

* * * LOW HITPOINT WARNING * * *
Something hits you.
* * * LOW HITPOINT WARNING * * *
The sphinx hits you!
* * * LOW HITPOINT WARNING * * *
The sphinx hits you.
* * * LOW HITPOINT WARNING * * *
The sphinx hits you but does no damage. The hog bites you!
* * * LOW HITPOINT WARNING * * *
Something hits you.
* * * LOW HITPOINT WARNING * * *
The sphinx hits you!
* * * LOW HITPOINT WARNING * * *
The sphinx hits you but does no damage. The sphinx hits you!
* * * LOW HITPOINT WARNING * * *
The hog bites you.
* * * LOW HITPOINT WARNING * * *
Something hits you!
You die...
Your body disappears without a glow.

......8.8.
....................#
....................#
....................#
....................#
.......#.......#....###
......................#
...............h......#
+##+#......⌠...{@.....#
#..........H......#
#.................######
#......................#
#......................#
#......................#
#......)...............#
#####......................#
.........########..........#


You could see a sphinx and a hog.

Vanquished Creatures
  A frost giant (IceCv)
  A stone giant (Orc:1)
  Harold (Orc:2)
  6 vault guards (D:13)
  A two-headed ogre (D:10)
  A queen ant (D:10)
  2 orc high priests
  Nergalle (Orc:1)
  An unseen horror (D:13)
  8 orc knights
  A cyclops (D:11)
  2 orc sorcerers
  2 ugly things
  4 slime creatures
  A manticore (D:12)
  Maurice (D:9)
  Joseph (D:7)
  A gargoyle (D:12)
  2 kobold demonologists
  7 trolls
  A queen bee (D:11)
  16 polar bears (IceCv)
  3 hippogriffs
  2 shadows
  15 yaks
  A wyvern (D:13)
  A human (D:10)
  10 hogs
  8 wraiths
  2 hungry ghosts
  A steam dragon (D:8)
  2 vampire mosquitoes (D:13)
  14 wargs
  2 insubstantial wisps (D:8)
  6 soldier ants (D:10)
  4 porcupines
  A water moccasin (D:10)
  38 orc warriors
  2 eyes of draining
  6 phantoms
  3 black bears (D:11)
  8 sky beasts
  3 centaurs
  7 ice beasts
  2 crocodiles (D:11)
  2 necrophages (D:10)
  8 ogres
  11 wolves (IceCv)
  4 big kobolds
  10 bullfrogs
  A gnoll sergeant (Orc:2)
  5 scorpions
  27 killer bees
  5 wights (D:8)
  7 howler monkeys
  4 jellies
  8 crimson imps
  9 hounds
  2 centaur zombies
  A quasit (D:8)
  A bullfrog zombie (D:13)
  11 orc priests
  3 centaur skeletons
  2 bullfrog skeletons (D:12)
  3 iguanas
  Ijyb (D:4)
  Terence (D:2)
  Natasha (D:4)
  19 orc wizards
  30 worker ants
  3 mummies (Ossuary)
  11 adders
  6 gnolls
  A shadow imp (D:11)
  An ooze (D:3)
  3 adder skeletons
  3 worms
  3 dart slugs (D:1)
  5 leopard geckos
  85 orcs
  6 giant cockroaches
  8 hobgoblins
  15 jackals
  24 kobolds
  7 quokkas
  A ball python (D:1)
  6 bats
  5 frilled lizards
  A gnoll zombie (D:8)
  10 goblins
  7 goblin zombies
  4 hobgoblin zombies (Ossuary)
  A quokka skeleton (D:5)
  7 rats
602 creatures vanquished.

Vanquished Creatures (collateral kills)
  An orc warlord (Orc:2)
  A soldier ant (D:10)
2 creatures vanquished.

Vanquished Creatures (others)
  A jackal (D:8)
  5 fungi (D:11)
  A plant (D:11)
7 creatures vanquished.

Grand Total: 611 creatures vanquished

Notes
Turn   | Place    | Note
-------+----------+-------------------------------------------
     0 | D:1      | Htamos the Ghoul Gladiator began the quest for the Orb.
     0 | D:1      | Reached XP level 1. HP: 17/17 MP: 0/0
   203 | D:1      | Reached XP level 2. HP: 25/25 MP: 1/1
   546 | D:1      | Reached XP level 3. HP: 19/30 MP: 2/2
  1230 | D:2      | Noticed Terence
  1239 | D:2      | Killed Terence
  1239 | D:2      | Reached XP level 4. HP: 30/38 MP: 3/3
  1253 | D:2      | Reached skill level 1 in Polearms
  2102 | D:3      | Reached skill level 1 in Armour
  2255 | D:3      | Reached XP level 5. HP: 34/45 MP: 4/4
  3057 | D:3      | Found a shimmering altar of Xom.
  3058 | D:3      | Found a burning altar of Makhleb.
  3060 | D:3      | Reached XP level 6. HP: 46/52 MP: 5/5
  3130 | D:4      | Noticed a phantom
  3134 | D:4      | Reached skill level 2 in Polearms
  3152 | D:4      | Noticed a phantom
  3165 | D:4      | Killed a phantom
  3175 | D:4      | Found a staircase to the Ecumenical Temple.
  3203 | D:4      | Killed a phantom
  3203 | D:4      | Reached XP level 7. HP: 35/60 MP: 6/6
  3225 | Temple   | Entered the Ecumenical Temple
  3598 | D:4      | Reached skill level 3 in Polearms
  3669 | D:4      | Noticed Ijyb
  3678 | D:4      | Killed Ijyb
  3767 | D:4      | Found Doushrir's Book Shoppe.
  3797 | D:4      | Reached skill level 5 in Fighting
  3846 | D:4      | Noticed Natasha
  3851 | D:4      | Killed Natasha
  3955 | D:5      | Entered Level 5 of the Dungeon
  3970 | D:5      | Reached XP level 8. HP: 40/68 MP: 7/7
  4182 | D:5      | Reached skill level 5 in Dodging
  4221 | D:5      | Found a snail-covered altar of Cheibriados.
  4385 | D:5      | You fall through a shaft!
  4504 | D:6      | Found a hide-covered altar of Uskayaw.
  4572 | D:6      | Reached skill level 4 in Polearms
  4735 | D:6      | Found a blossoming altar of Fedhas.
  4747 | D:6      | Noticed an oklob plant
  5421 | D:7      | Found a bloodstained altar of Trog.
  5448 | D:7      | Got a bound iron amulet
  5493 | D:7      | Found a snail-covered altar of Cheibriados.
  5527 | D:7      | Noticed Joseph
  5547 | D:7      | Killed Joseph
  5547 | D:7      | Reached XP level 9. HP: 30/78 MP: 8/8
  5789 | D:7      | Reached skill level 5 in Polearms
  5814 | D:7      | Reached skill level 5 in Armour
  6344 | D:8      | Found a sand-covered staircase.
  6355 | Ossuary  | Entered an ossuary
  6877 | D:8      | Reached skill level 6 in Polearms
  6961 | D:8      | Reached XP level 10. HP: 75/88 MP: 9/9
  7254 | D:9      | Noticed Maurice
  7264 | D:8      | Reached skill level 11 in Polearms
  7264 | D:8      | Reached XP level 11. HP: 94/94 MP: 10/10
  7277 | D:9      | Killed Maurice
  7684 | D:9      | Found a stormy altar of Qazlal.
  7695 | D:9      | Found a white marble altar of Elyvilon.
  7696 | D:9      | Found an opulent altar of Gozag.
  7701 | D:9      | Found a sparkling altar of Nemelex Xobeh.
  7701 | D:9      | Found a sacrificial altar of Ru.
  8036 | D:9      | Became a worshipper of Nemelex Xobeh the Trickster
  8062 | D:10     | Entered Level 10 of the Dungeon
  8172 | D:10     | Noticed a queen ant
  8205 | D:10     | Received a gift from Nemelex Xobeh
  8205 | D:10     | Noticed a cyan ugly thing
  8381 | D:10     | Noticed a two-headed ogre
  8397 | D:10     | Killed a two-headed ogre
  8873 | D:10     | Killed a queen ant
  8975 | D:10     | Reached XP level 12. HP: 91/105 MP: 11/11
  9847 | D:11     | Noticed a soul eater
  9871 | D:11     | Noticed a sun demon
 10175 | D:11     | Found a frozen archway.
 10184 | IceCv    | Entered an ice cave
 10277 | IceCv    | Reached skill level 12 in Polearms
 10291 | IceCv    | Reached skill level 10 in Fighting
 10353 | IceCv    | Reached * piety under Nemelex Xobeh
 10471 | IceCv    | Noticed a frost giant
 10490 | IceCv    | Killed a frost giant
 10878 | IceCv    | Got a jewelled hat
 11146 | D:11     | Found a staircase to the Lair.
 11634 | D:11     | Reached XP level 13. HP: 89/115 MP: 12/12
 13367 | D:11     | Found the +5 scythe "Finisher" {speed, Str+3}
 14810 | D:12     | Identified the +1 hat "Alov Zin" {+Blink rN+} (You found it in an ice cave)
 14851 | D:12     | Reached skill level 10 in Dodging
 14852 | D:12     | Found Xioba's Magic Scroll Boutique.
 14856 | D:12     | Received a gift from Nemelex Xobeh
 14862 | D:12     | Bought a scroll of brand weapon for 300 gold pieces
 15105 | D:12     | Found a staircase to the Orcish Mines.
 15252 | Orc:1    | Entered Level 1 of the Orcish Mines
 15320 | Orc:2    | Entered Level 2 of the Orcish Mines
 15320 | Orc:2    | Found a staircase to the Elven Halls.
 16161 | Orc:2    | Noticed a stone giant
 16203 | Orc:1    | Killed a stone giant
 16493 | Orc:1    | Reached skill level 13 in Polearms
 16906 | Orc:2    | Found Suotum's Magic Scroll Shop.
 16906 | Orc:2    | Found Vaiminot's Magic Scroll Emporium.
 17131 | Orc:2    | Found a roughly hewn altar of Beogh.
 17132 | Orc:2    | Reached ** piety under Nemelex Xobeh
 17158 | Orc:2    | Found Fuentuopn's Antique Weapon Shop.
 17158 | Orc:2    | Found Zasaic's Magic Scroll Emporium.
 17164 | Orc:2    | Bought a scroll of enchant armour for 97 gold pieces
 17164 | Orc:2    | Bought a scroll of enchant armour for 97 gold pieces
 17301 | Orc:2    | Reached skill level 10 in Armour
 17301 | Orc:2    | Reached XP level 14. HP: 97/126 MP: 13/13
 17568 | Orc:2    | Found a burning altar of Makhleb.
 18070 | Orc:1    | Noticed Harold
 18070 | Orc:1    | Noticed an orc warlord
 18239 | Orc:1    | Received a gift from Nemelex Xobeh
 18662 | Orc:2    | Killed an orc warlord
 19102 | Orc:2    | Killed Harold
 19487 | Orc:1    | Noticed Nergalle
 19494 | Orc:1    | Killed Nergalle
 19573 | Orc:2    | Bought a scroll of identify for 32 gold pieces
 19573 | Orc:2    | Bought a scroll of identify for 32 gold pieces
 19573 | Orc:2    | Bought a scroll of blinking for 120 gold pieces
 19573 | Orc:2    | Bought a scroll of identify for 32 gold pieces
 19573 | Orc:2    | Bought a scroll of magic mapping for 56 gold pieces
 19573 | Orc:2    | Bought a scroll of identify for 32 gold pieces
 19573 | Orc:2    | Bought a scroll of brand weapon for 320 gold pieces
 19582 | Orc:2    | Bought a scroll of identify for 30 gold pieces
 19582 | Orc:2    | Bought a scroll of teleportation for 45 gold pieces
 19582 | Orc:2    | Bought a scroll of identify for 30 gold pieces
 19582 | Orc:2    | Bought a scroll of teleportation for 45 gold pieces
 19582 | Orc:2    | Bought a scroll of teleportation for 45 gold pieces
 19582 | Orc:2    | Bought a scroll of magic mapping for 52 gold pieces
 19613 | Orc:2    | Bought a glowing trident for 188 gold pieces
 19622 | Orc:2    | Bought a scroll of identify for 26 gold pieces
 19622 | Orc:2    | Bought a scroll of blinking for 97 gold pieces
 19622 | Orc:2    | Bought a scroll of teleportation for 39 gold pieces
 19622 | Orc:2    | Bought a scroll of identify for 26 gold pieces
 19622 | Orc:2    | Bought a scroll of teleportation for 39 gold pieces
 20052 | D:13     | Reached *** piety under Nemelex Xobeh
 20211 | D:13     | Found a gate to the Vaults.
 20660 | D:13     | Got a faintly glowing ring mail
 20661 | D:13     | Identified the +5 ring mail of the Heavens {Slay+5} (You found it on level 13 of the Dungeon)
 21043 | D:13     | Noticed Kirke
 21115 | D:13     | Noticed a sphinx
 21125 | D:13     | Paralysed by a sphinx for 4 turns
 21127 | D:13     | HP: 6/127 [sphinx[Kirke] (9)]
 21128 | D:13     | HP: 2/127 [hog[Kirke] (4)]
 21128 | D:13     | Mangled by Kirke

Vault maps used:
D:1:      dpeg_arrival_windows_large_door, minmay_crystal_water
D:2:      uniq_terence
D:3:      grunt_temple_overflow_champion_of_chaos, kennysheep_generic_room_12
D:4:      temple_pool_b, serial_shops, shop, first_ration, uniq_ijyb,
          uniq_natasha
D:5:      lemuel_doored_altar, lemuel_statue_altar
D:6:      eat_drink_and_be_merry_uskayaw, tgw_fedhas
D:7:      kennysheep_mini_moat, nicolae_overflow_hidden_temple,
          minmay_misc_feat_nine_boxes, uniq_joseph
D:8:      enter_ossuary_3, hangedman_misty_isle, uniq_maurice
D:9:      grunt_temple_overflow_open
D:10:     grunt_livestock, zaba_antful_of_joy
D:11:     due_lair_maze_entry_diamond, portal_ice_cave_entry_pillars_2,
          minmay_guarded_unrand_finisher
D:12:     orc_0_dummy, serial_shops, shop, moated_statue,
          hangedman_abyss_or_decor_lesser_grid
D:13:     erik_vaults_2, serial_column_ruins, column_ruins_open_small,
          column_ruins_corridor_straight, column_ruins_grid_1,
          column_ruins_open_large, column_ruins_columns_straight,
          column_ruins_columns_straight, column_ruins_open_tiny, uniq_kirke
Temple:   chequers_temple_sunken
Orc:1:    uniq_nergalle, uniq_harold
Orc:2:    st_orc_town, basic_altar
Ossuary:  ossuary_kennysheep_city_of_the_dead
IceCv:    ice_cave_small_giant

Skill      XL: |  1  2  3  4  5  6  7  8  9 10 11 12 13 14 |
---------------+-------------------------------------------+-----
Throwing       | 2 |  2.2
Staves         | 3 |  3.0
Dodging        | 3 4 5 6 7 8 9 10 11 | 11.2
Fighting       | 3 4 5 6 7 8 9 10 12 | 12.8
Polearms       | 1 2 3 4 6 11 12 13 | 13.6
Armour         | 1 2 3 4 5 6 7 8 10 | 10.7

Action                   |  1- 3 |  4- 6 |  7- 9 | 10-12 | 13-15 || total
-------------------------+-------+-------+-------+-------+-------++-------
Melee: Quarterstaff      |    44 |       |       |       |       ||    44
       Halberd           |    41 |   242 |   423 |   445 |       ||  1151
       Glaive            |       |       |       |   446 |   252 ||   698
       Scythe            |       |       |       |       |   908 ||   908
Evoke: Wand              |       |       |     4 |    37 |     3 ||    44
       Deck              |       |       |       |     7 |     6 ||    13
       Lamp of fire      |       |       |       |       |     1 ||     1
  Use: Scroll            |       |       |    12 |     9 |    22 ||    43
       Potion            |       |       |     4 |    13 |     3 ||    20
 Stab: Sleeping          |       |       |     2 |     1 |       ||     3
       Paralysed         |       |       |     5 |     3 |       ||     8
       Distracted        |       |       |       |     2 |       ||     2
  Eat: Chunk             |    10 |    13 |    26 |    96 |   107 ||   252
Armor: Leather armour    |    11 |       |       |       |       ||    11
       Ring mail         |    11 |   104 |    25 |       |    28 ||   168
       Troll leather arm |       |       |    76 |    93 |       ||   169
       Plate armour      |       |       |       |   392 |   524 ||   916
Dodge: Dodged            |    58 |   168 |   263 |   667 |   708 ||  1864
Block: Other             |       |       |    23 |   152 |   146 ||   321
       Reflection        |       |       |       |     1 |     5 ||     6

Table legend:
 A = Spawn XP
 B = Non-spawn XP
 C = Spawn XP percentage of total XP
 D = Spawn monster count
 E = Non-spawn monster count
 F = Spawn count percentage of total count
 G = Total turns spent on level
                    A         B        C        D         E        F      G
               +---------+---------+-------+---------+---------+-------+---------
         Total |       0 |   69437 |   0.0 |       0 |     604 |   0.0 | 21128
               +---------+---------+-------+---------+---------+-------+---------
           D:1 |       0 |      52 |   0.0 |       0 |      20 |   0.0 |  1030
           D:2 |       0 |     105 |   0.0 |       0 |      23 |   0.0 |   881
           D:3 |       0 |     168 |   0.0 |       0 |      35 |   0.0 |  1206
           D:4 |       0 |     777 |   0.0 |       0 |      18 |   0.0 |   784
           D:5 |       0 |     373 |   0.0 |       0 |      18 |   0.0 |   430
           D:6 |       0 |     552 |   0.0 |       0 |      14 |   0.0 |   860
           D:7 |       0 |    1233 |   0.0 |       0 |      17 |   0.0 |  1005
           D:8 |       0 |    2065 |   0.0 |       0 |      25 |   0.0 |   646
           D:9 |       0 |    2040 |   0.0 |       0 |      25 |   0.0 |   928
          D:10 |       0 |    8386 |   0.0 |       0 |      84 |   0.0 |  3128
          D:11 |       0 |    7764 |   0.0 |       0 |      65 |   0.0 |  1865
          D:12 |       0 |    5003 |   0.0 |       0 |      30 |   0.0 |  1289
          D:13 |       0 |   10623 |   0.0 |       0 |      31 |   0.0 |  1388
         Orc:1 |       0 |    8090 |   0.0 |       0 |      56 |   0.0 |  1666
         Orc:2 |       0 |   13324 |   0.0 |       0 |      94 |   0.0 |  2704
       Ossuary |       0 |     259 |   0.0 |       0 |      14 |   0.0 |   369
         IceCv |       0 |    8623 |   0.0 |       0 |      35 |   0.0 |   895
               +---------+---------+-------+---------+---------+-------+---------
